 Dungeon Crawl Stone Soup version 0.31-a0-986-g5e6e4ef867 (webtiles) character file.

Game seed: 5625341188401177468

138028 Getoffmy the Eclecticist (level 16, -13/98 HPs)
             Began as a Deep Elf Ice Elementalist on Oct 30, 2023.
             Was a High Priest of Vehumet.
             Mangled by a spriggan rider
             ... wielding a +0 spear
              (15 damage)
             ... on level 2 of the Swamp on Nov 5, 2023.
             The game lasted 02:18:15 (30712 turns).

Getoffmy the Eclecticist (DEIE)                    Turns: 30712, Time: 02:18:16

Health: -13/98     AC:  8    Str:  5    XL:     16   Next: 70%
Magic:  39/48      EV: 17    Int: 46    God:    Vehumet [*****.]
Gold:   1315       SH:  0    Dex: 15    Spells: 5/50 levels left

rFire   + . .        m - staff of Actus Reus {Fragile rPois MP+9 Int+5 SInv Poison}
rCold   + . .        (no shield)
rNeg    . . .        E - +2 robe {Will+}
rPois   +            P - +2 hat {Stlth+}
rElec   .            S - scarf {rC+ rF+}
rCorr   .            e - +0 pair of gloves
SInv    +            H - +0 pair of boots
Will    ++...        h - amulet of magic regeneration
Stlth   +++          V - +6 ring of intelligence
HPRegen 0.36/turn    a - +6 ring of intelligence
MPRegen 0.71/turn

%: no passive effects
@: forested
A: no striking features
a: Renounce Religion


You were on level 2 of the Swamp.
You worshipped Vehumet.
Vehumet was extremely pleased with you.
You visited 6 branches of the dungeon, and saw 26 of its levels.

You collected 2926 gold pieces.
You spent 1611 gold pieces at shops.

Inventory:

Hand Weapons
 n - a +1 dagger of holy wrath
Missiles
 K - 3 throwing nets
Armour
 e - a +0 pair of gloves (worn)
 E - a +2 robe of willpower (worn)
 H - a +0 pair of boots (worn)
 P - a +2 hat of stealth (worn)
 R - a +1 robe of cold resistance
 S - a scarf of resistance (worn)
Magical Staves
 m - the staff of Actus Reus (weapon) {Fragile rPois MP+9 Int+5 SInv Poison}
   (You found it on level 2 of the Dungeon)

   [staff of poison]

   Base accuracy: +5 Base damage: 5 Base attack delay: 1.2 This weapon's minimum
   attack delay (0.6) is reached at skill level 12.
   Int+5:     It affects your intelligence (+5).
   rPois:     It protects you from poison MP+9: It affects your magic capacity
   (+9).
   SInv:      It lets you see invisible.
   Fragile:   It will be destroyed if unequipped.
   Poison:    It increases the power of your Poison spells.
   It falls into the 'Staves' category.
   It is a one-handed weapon.
 r - the staff of Qebraps {rElec rN+ rCorr Int+3 Air}
   (You found it on level 2 of the Orcish Mines)

   [staff of air]

   Base accuracy: +5 Base damage: 5 Base attack delay: 1.2 This weapon's minimum
   attack delay (0.6) is reached at skill level 12.
   Int+3:     It affects your intelligence (+3).
   rElec:     It insulates you from electricity.
   rN+:       It protects you from negative energy.
   rCorr:     It protects you from acid and corrosion.
   Air:       It increases the power of your Air spells.
   It falls into the 'Staves' category.
   It is a one-handed weapon.
Jewellery
 a - a +6 ring of intelligence (right hand)
 h - an amulet of magic regeneration (around neck)
 l - a ring of protection from cold
 q - a ring of flight
 v - the ring "Lotreon" {Fire Int+2 Dex+3 SInv}
   (You found it on level 12 of the Dungeon)

   [ring of fire]

   Fire:      It enhances your fire magic.
   Int+2:     It affects your intelligence (+2).
   Dex+3:     It affects your dexterity (+3).
   rF+:       It protects you from fire.
   rC-:       It makes you vulnerable to cold.
   SInv:      It lets you see invisible.
 y - an amulet of guardian spirit
 N - a ring of poison resistance
 V - a +6 ring of intelligence (left hand)
Wands
 t - a wand of flame (7)
 A - a wand of paralysis (7)
 L - a wand of polymorph (3)
 O - a wand of iceblast (4)
 Q - a wand of light (15)
Scrolls
 d - 2 scrolls of vulnerability
 f - 10 scrolls of teleportation
 i - a scroll of silence
 k - 3 scrolls of fog
 p - a scroll of amnesia
 s - a scroll of poison
 u - 2 scrolls of revelation
 x - 5 scrolls of immolation
 D - 4 scrolls of identify
 F - 2 scrolls of noise
 I - a scroll of butterflies
 W - 3 scrolls of torment
 Y - a scroll of brand weapon
Potions
 b - 2 potions of magic
 c - 2 potions of brilliance
 g - 3 potions of lignification
 j - 7 potions of cancellation
 o - 2 potions of resistance
 w - 3 potions of haste
 z - 5 potions of curing
 B - 4 potions of mutation
 C - 5 potions of attraction
 G - 4 potions of berserk rage
 J - 2 potions of enlightenment {unknown}
 M - 2 potions of might
 T - a potion of ambrosia {unknown}
 U - 2 potions of heal wounds {unknown}


   Skills:
 - Level 10.4 Fighting
 - Level 10.5 Dodging
 - Level 2.4 Stealth
 + Level 17.9 Spellcasting
 - Level 10.4 Conjurations
 * Level 16.3 Summonings
 - Level 11.0 Ice Magic
 - Level 6.0 Poison Magic
 - Level 7.2 Evocations


You had 5 spell levels left.
You knew the following spells:

 Your Spells              Type           Power      Damage    Failure   Level
a - Freeze                Ice            100%       1d10      0%          1
b - Frozen Ramparts       Ice            100%       1d16      0%          3
c - Ozocubu's Armour      Ice            97%        N/A       1%          3
d - Summon Ice Beast      Ice/Summ       100%       N/A       1%          4
e - Mephitic Cloud        Conj/Pois/Air  95%        N/A       1%          3
f - Summon Forest         Summ/Tloc      43%        N/A       1%          5
g - Summon Hydra          Summ           56%        N/A       1%          7
h - Freezing Cloud        Conj/Ice/Air   41%        6-21      1%          5
i - Summon Horrible Thin  Summ           56%        N/A       4%          8
j - Summon Cactus Giant   Summ           56%        N/A       1%          6

Your spell library contained the following spells:

 Spells                   Type           Power      Damage    Failure   Level
 Arcjolt                  Conj/Air       36%        1d46      1%          5
 Sandblast                Erth           82%        2d17      1%          1
 Cigotuvi's Dreadful Rot  Necr/Pois/Air  100%       N/A       1%          2
 Jinxbite                 Hex            82%        N/A       1%          2
 Lesser Beckoning         Tloc           82%        N/A       1%          2
 Passwall                 Tmut/Erth      34%        N/A       1%          2
 Scorch                   Fire           82%        2d8       1%          2
 Gell's Gravitas          Tloc           41%        N/A       1%          3
 Inner Flame              Hex/Fire       41%        N/A       1%          3
 Stone Arrow              Conj/Erth      100%       3d13      1%          3
 Summon Guardian Golem    Hex/Summ       86%        N/A       1%          3
 Teleport Other           Tloc           41%        N/A       1%          3
 Airstrike                Air            20%        2d(3-19)  1%          4
 Animate Armour           Summ/Erth      100%       N/A       1%          4
 Brom's Barrelling Bould  Conj/Erth      73%        2d9       1%          4
 Flame Wave               Conj/Fire      73%        2d16      1%          4
 Metabolic Englaciation   Hex/Ice        37%        N/A       1%          5
 Yara's Violent Unravell  Hex/Tmut       20%        3d9       4%          5
 Petrify                  Tmut/Erth      41%        N/A       5%          4
 Eringya's Noxious Bog    Tmut/Pois      40%        4d6       7%          6
 Dispersal                Tloc           20%        N/A       63%         6
 Enfeeble                 Hex            20%        N/A       99%         7
 Chain Lightning          Conj/Air       36%        3d48      100%        9


Dungeon Overview and Level Annotations

Branches:
Dungeon (15/15)            Temple (1/1) D:5            Lair (5/5) D:11
  Swamp (2/4) Lair:3        Snake (1/4) Lair:3        Slime (0/5) Lair:5
    Orc (2/2) D:12            Elf (0/3) Orc:2        Vaults (0/5) D:14
 Depths (0/4) D:15

Altars:
Ashenzari
Cheibriados
Dithmenos
Elyvilon
Fedhas
Gozag
Hepliaklqana
Kikubaaqudgha
Makhleb
Nemelex Xobeh
Okawaru
Qazlal
Ru
Sif Muna
Trog
Uskayaw
Vehumet
Wu Jian
Xom
Yredelemnul
Zin
The Shining One
Jiyva

Shops:
D:5 *   D:12 *   D:13 [   Orc:2 :[([

Annotations:
D:11 1 runed translucent door
D:15 3 runed translucent doors, Jivasuuf's ghost, journeyman GrFi


Message History

Your four-headed hydra bites the spriggan rider but does no damage.
Your four-headed hydra barely misses the spriggan rider. x2
Okay, then.
Blink to where?
Press: ? - help, Dir - move target Your icy armour cracks and falls away as you move.
As you read the scroll of blinking, it crumbles to dust.
Okay, then.
Casting: Ozocubu's Armour (safe; 1% risk of failure)
Confirm with . or Enter, or press ? or * to list all spells.
A forested plane collides here with a resounding crunch!
Your dryad calls out to the forest.
The forest starts to sway and rumble!
The spriggan rider hits you but does no damage.
You enter the shallow water.
Moving in this stuff is going to be slow.
The spriggan rider attacks as it pursues you!
The spriggan rider hits you from afar with a +0 spear.
* * * LOW HITPOINT WARNING * * *
Your dryad hits the spriggan rider!
Your four-headed hydra disappears in a puff of smoke!
A root smacks the spriggan rider from below! x2
The spriggan rider attacks as it pursues you!
The spriggan rider closely misses you.
The spriggan rider hits you but does no damage.
The spriggan rider blocks your dryad's attack.
Things that are here:
a vampire mosquito corpse; a vampire mosquito corpse You feel roots moving beneath the ground.
The spriggan rider attacks as it pursues you!
The spriggan rider hits you from afar with a +0 spear!
* * * LOW HITPOINT WARNING * * *
The spriggan rider hits you but does no damage.
Your dryad misses the spriggan rider.
Your cactus giant completely misses the spriggan rider.
There is a shaft here.
A root lunges up near the spriggan rider.
The spriggan rider attacks as it pursues you!
The spriggan rider hits you from afar with a +0 spear!
You die...

♣♣♣♣♣♣♣♣ ♣♣......♣♣ ♣♣♣♣♣♣
♣~~~~~~~~♣ ♣♣♣~~♣..~♣
♣~~~~~~@♣♣♣~~...~~.~
♣♣.~~~~~~^♣♣......~..♣♣
♣..~~~~~♣†i♣~~~.~~~~..
♣.~~~~~~~~.~.~~~~~~~~.
♣♣♣♣♣♣♣♣≈≈≈~~..RC..~~~§~~
♣♣~..♣~~♣~≈~~~..~......[♣♣
..~~...~†≈~~~~.~~♣.~~~..~♣
.~~~~~~~~~~~~~....~~~~~♣♣♣
~~~~~~~~.~~~~~~.~.~~~~~.♣


You could see a spriggan rider (ally target), a friendly dryad (summoned) and a
friendly cactus giant (summoned).

Vanquished Creatures
  The ghost of particleface the Slicer, a journeyman KoHW of Gozag (Lair:4)
  4 hydras
  Harold (Lair:2)
  Erica (Lair:2)
  A boulder beetle (D:15)
  9 death yaks
  A two-headed ogre (D:9)
  3 orc high priests (Orc:2)
  2 skysharks
  2 goliath frogs
  2 orc knights
  3 ugly things
  A manticore (D:13)
  2 black mambas
  8 cane toads
  A gargoyle (D:11)
  A kobold demonologist (D:9)
  5 komodo dragons
  2 polar bears
  3 trolls
  2 tyrant leeches
  Grinder (D:5)
  4 dream sheep (Lair:2)
  3 hornets
  11 blink frogs
  A slime creature (D:15)
  A vampire (D:12)
  Sigmund (D:5)
  27 yaks
  A hog (shapeshifter) (D:14)
  5 steam dragons
  A basilisk (D:12)
  3 wargs
  5 vampire mosquitoes
  Menkaure (D:5)
  An acid dragon (D:11)
  9 water moccasins
  A swamp drake (Lair:3)
  10 orc warriors
  2 black bears
  A sky beast (D:6)
  4 ogres
  2 phantoms
  10 centaurs
  8 wolves
  2 kobold brigands
  Blork the orc (D:5)
  11 bullfrogs
  A scorpion (D:7)
  3 wights (D:10)
  3 killer bees (D:9)
  2 howler monkeys
  2 electric eels
  2 jellies
  4 hounds
  12 orc priests
  3 gnoll boudas
  A sleepcap (D:8)
  Ijyb (D:3)
  13 orc wizards
  Natasha (D:2)
  4 iguanas
  Robin (D:2)
  7 adders
  15 gnolls
  4 ufetubi
  2 worms
  2 dart slugs (D:1)
  54 orcs
  8 ball pythons
  7 endoplasms
  3 giant cockroaches (D:2)
  15 goblins
  14 hobgoblins
  8 jackals
  14 kobolds
  4 quokkas
  5 bats
  8 frilled lizards
  3 rats
  A butterfly (Lair:4)
  3 snaplasher vines (Orc:2)
412 creatures vanquished.

Vanquished Creatures (collateral kills)
  Jorgrun (D:12)
  Gastronok (Lair:2)
  An ironbound preserver (D:14)
  An eleionoma (Swamp:2)
  A dire elephant (D:15)
  A fire dragon (D:15)
  5 centaur warriors
  4 hydras
  6 alligators
  2 boulder beetles (D:15)
  A death knight (D:15)
  The ghost of croobank the Fighter, a novice DrMo of Gozag (Orc:2)
  3 tengu warriors
  2 two-headed ogres
  3 death yaks
  A dancing weapon (Orc:2)
  2 orc high priests (Orc:2)
  Sonja (D:12)
  An occultist (D:13)
  A skyshark (Lair:5)
  2 glowing orange brains (D:15)
  4 goliath frogs
  A lindwurm (Lair:5)
  3 deep elf pyromancers
  17 ugly things
  6 orc knights
  2 will-o-the-wisps (Swamp:1)
  4 deep elf zephyrmancers
  A wolf spider (D:15)
  A salamander (shapeshifter) (D:15)
  A manticore (D:14)
  2 salamanders
  3 cyclopes
  Maurice (D:13)
  A black mamba (Lair:1)
  4 cane toads
  2 freezing wraiths
  2 rime drakes (Lair:5)
  2 efreet
  A komodo dragon (Lair:4)
  A polar bear (Lair:4)
  5 trolls
  A bloated husk (Swamp:1)
  4 hornets (Swamp:2)
  A tyrant leech (Lair:5)
  7 blink frogs (Lair:5)
  4 slime creatures
  4 spriggans (Swamp:2)
  18 yaks
  2 wraiths
  A basilisk (D:15)
  10 vampire mosquitoes
  A warg (D:11)
  4 swamp worms
  7 water moccasins
  An ice beast (D:7)
  34 orc warriors
  A wolf (Lair:1)
  2 ogres (Orc:2)
  2 centaurs
  A phantom (D:6)
  2 bullfrogs (Lair:5)
  3 killer bees (D:9)
  An electric eel (Lair:3)
  2 lava snakes (Lair:3)
  31 orc priests
  8 orc wizards
  4 lightning spires (Swamp:1)
  An adder (D:6)
  A white imp (D:7)
  A worm (shapeshifter) (D:15)
  39 orcs
  An endoplasm (Lair:5)
  2 kobolds
306 creatures vanquished.

Vanquished Creatures (others)
  A centaur warrior (D:14)
  A bloated husk (Swamp:1)
  2 foxfires (Swamp:1)
  3 snaplasher vines
7 creatures vanquished.

Grand Total: 725 creatures vanquished

Notes
Turn   | Place    | Note
-------+----------+-------------------------------------------
     0 | D:1      | Getoffmy the Deep Elf Ice Elementalist began the quest for
                  | the Orb.
     0 | D:1      | Reached XP level 1. HP: 10/10 MP: 6/6
   168 | D:1      | Reached XP level 2. HP: 15/16 MP: 5/8
   801 | D:2      | Reached skill level 5 in Ice Magic
   848 | D:2      | Reached XP level 3. HP: 20/20 MP: 8/10
   880 | D:2      | Learned a level 3 spell: Frozen Ramparts
   884 | D:2      | Learned a level 3 spell: Ozocubu's Armour
   899 | D:2      | Found a faded altar of an unknown god.
   899 | D:2      | Noticed Robin
   911 | D:2      | Reached skill level 1 in Fighting
   924 | D:2      | Killed Robin
  1414 | D:2      | Found a burning altar of Makhleb.
  1465 | D:2      | Noticed Natasha
  1469 | D:2      | Killed Natasha
  1470 | D:2      | Reached skill level 4 in Spellcasting
  1470 | D:2      | Reached XP level 4. HP: 25/25 MP: 10/12
  1646 | D:2      | Identified the +0 barding "Voang" {+Blink Regen+ Str-3}
  1786 | D:2      | Identified the staff of Actus Reus {Fragile rPois MP+9
                  | Int+5 SInv Poison}
  2224 | D:3      | Reached XP level 5. HP: 30/30 MP: 12/13
  2755 | D:3      | Noticed Ijyb
  2765 | D:3      | Killed Ijyb
  3017 | D:4      | Reached XP level 6. HP: 35/35 MP: 15/15
  3097 | D:4      | Reached skill level 5 in Spellcasting
  3344 | D:4      | Upgraded the game from 0.31-a0-978-g1e143483b6 to
                  | 0.31-a0-981-geadf994542
  3806 | D:4      | Reached XP level 7. HP: 40/40 MP: 17/17
  3990 | D:5      | Entered Level 5 of the Dungeon
  4034 | D:5      | Noticed a yak
  4034 | D:5      | Noticed a yak
  4044 | D:5      | Killed a yak
  4045 | D:5      | Reached skill level 6 in Spellcasting
  4086 | D:5      | Noticed a yak
  4087 | D:5      | Noticed a yak
  4088 | D:5      | Noticed a yak
  4089 | D:5      | Noticed a yak
  4098 | D:5      | Killed a yak
  4099 | D:5      | Killed a yak
  4100 | D:5      | Reached XP level 8. HP: 36/46 MP: 18/20
  4102 | D:5      | Reached skill level 7 in Spellcasting
  4203 | D:5      | Learned a level 4 spell: Summon Ice Beast
  4225 | D:5      | Noticed Blork the orc
  4243 | D:5      | Killed Blork the orc
  4246 | D:5      | Reached skill level 1 in Summonings
  4388 | D:5      | Found Dimnorau's General Store.
  4772 | D:5      | Reached skill level 8 in Spellcasting
  4779 | D:5      | Reached skill level 10 in Ice Magic
  4996 | D:5      | Noticed Menkaure
  5004 | D:5      | Killed Menkaure
  5005 | D:5      | Reached XP level 9. HP: 42/52 MP: 23/23
  5146 | D:5      | Noticed Grinder
  5162 | D:5      | Killed Grinder
  5166 | D:5      | Found a staircase to the Ecumenical Temple.
  5176 | Temple   | Found a transporter.
  5176 | Temple   | Found a transporter.
  5176 | Temple   | Found a transporter.
  5176 | Temple   | Found a transporter.
  5176 | Temple   | Entered the Ecumenical Temple
  5225 | Temple   | Became a worshipper of Vehumet
  5261 | D:5      | Noticed Sigmund
  5274 | D:5      | Killed Sigmund
  5545 | D:6      | Reached skill level 9 in Spellcasting
  5699 | D:6      | Reached skill level 5 in Summonings
  5718 | D:6      | Reached * piety under Vehumet
  5718 | D:6      | Offered knowledge of Shock by Vehumet.
  6732 | D:7      | Found a blossoming altar of Fedhas.
  6762 | D:7      | Reached skill level 10 in Spellcasting
  6766 | D:7      | Reached XP level 10. HP: 44/56 MP: 23/26
  6934 | D:7      | Reached skill level 1 in Evocations
  7539 | D:8      | Reached ** piety under Vehumet
  7539 | D:8      | Offered knowledge of Magic Dart by Vehumet.
  7977 | D:9      | Offered knowledge of Momentum Strike by Vehumet.
  8043 | D:9      | Noticed a two-headed ogre
  8141 | D:9      | Noticed a two-headed ogre
  8150 | D:9      | Killed a two-headed ogre
  8352 | D:9      | Killed a two-headed ogre
  8353 | D:9      | Reached skill level 5 in Fighting
  8353 | D:9      | Reached skill level 11 in Spellcasting
  8353 | D:9      | Reached skill level 5 in Evocations
  8548 | D:9      | Reached skill level 5 in Dodging
  8552 | D:9      | Reached *** piety under Vehumet
  8781 | D:10     | Entered Level 10 of the Dungeon
  9186 | D:10     | You fall into a shaft and drop 2 floors!
  9186 | D:11     | Identified the of Vussutett
  9216 | D:10     | Found a shimmering altar of Xom.
  9216 | D:10     | Found an iron altar of Okawaru.
  9216 | D:10     | Found a hazy altar of Hepliaklqana.
  9216 | D:10     | Found a shimmering blue altar of Sif Muna.
  9216 | D:10     | Found a white marble altar of Elyvilon.
  9216 | D:10     | Found a sparkling altar of Nemelex Xobeh.
  9217 | D:10     | Found a sacrificial altar of Ru.
  9219 | D:10     | Found a broken altar of Ashenzari.
  9220 | D:10     | Found a snail-covered altar of Cheibriados.
  9225 | D:10     | Found a shadowy altar of Dithmenos.
  9242 | D:10     | Noticed a brown ugly thing
  9547 | D:10     | Reached XP level 11. HP: 51/64 MP: 28/28
  9654 | D:10     | Killed a brown ugly thing
 10156 | D:11     | Found a staircase to the Lair.
 10163 | D:11     | Offered knowledge of Mephitic Cloud by Vehumet.
 10213 | D:13     | Identified the "Cikhlo"
 10213 | D:13     | Identified the "Koluczit"
 10213 | D:13     | Identified the "Butzocua"
 10213 | Lair:1   | Entered Level 1 of the Lair of Beasts
 10302 | Lair:1   | Learned a level 3 spell: Mephitic Cloud
 10308 | Lair:1   | Reached skill level 1 in Poison Magic
 10448 | Lair:1   | Reached skill level 12 in Spellcasting
 10455 | Lair:1   | Reached **** piety under Vehumet
 10786 | Lair:1   | Offered knowledge of Iskenderun's Mystic Blast by Vehumet.
 11432 | Lair:2   | Reached skill level 5 in Poison Magic
 11526 | Lair:2   | Noticed Gastronok
 11542 | Lair:2   | Noticed a four-headed hydra
 11546 | Lair:2   | Killed Gastronok
 11547 | Lair:2   | Reached skill level 1 in Conjurations
 11547 | Lair:2   | Reached XP level 12. HP: 71/71 MP: 27/30
 11552 | Lair:2   | Killed a four-headed hydra
 11809 | Lair:2   | Noticed a five-headed hydra
 11824 | Lair:2   | Killed a five-headed hydra
 11825 | Lair:2   | Reached skill level 13 in Spellcasting
 12271 | Lair:2   | Noticed Harold
 12277 | Lair:2   | Noticed Erica
 12322 | Lair:2   | Killed Erica
 12322 | Lair:2   | Killed Harold
 12457 | D:5      | Bought a scarf of resistance for 416 gold pieces
 12457 | D:5      | Bought a scroll of teleportation for 39 gold pieces
 12457 | D:5      | Bought a scroll of teleportation for 39 gold pieces
 13392 | Lair:3   | Found a staircase to the Swamp.
 13394 | Lair:3   | Noticed a death yak
 13394 | Lair:3   | Noticed a death yak
 13609 | Lair:2   | Killed a death yak
 13701 | Lair:3   | Noticed a death yak
 13715 | Lair:2   | Killed a death yak
 13845 | Lair:3   | Killed a death yak
 13846 | Lair:3   | Reached skill level 5 in Conjurations
 13852 | Lair:3   | Reached skill level 14 in Spellcasting
 14424 | Lair:3   | Found a staircase to the Snake Pit.
 14699 | Lair:4   | Found a transporter.
 15262 | Lair:4   | Noticed particleface's ghost (journeyman KoHW)
 16070 | Lair:4   | Reached XP level 13. HP: 40/78 MP: 24/33
 16600 | Lair:4   | Found a transporter.
 17124 | Lair:5   | Identified the of Hyanurph
 17124 | Lair:5   | Entered Level 5 of the Lair of Beasts
 17819 | Lair:4   | Learned a level 5 spell: Summon Forest
 17905 | Lair:5   | Reached skill level 15 in Spellcasting
 18330 | Lair:5   | Reached ***** piety under Vehumet
 18409 | Lair:5   | Offered knowledge of Irradiate by Vehumet.
 18504 | Lair:5   | Reached skill level 10 in Summonings
 18883 | Lair:5   | Reached skill level 16 in Spellcasting
 19150 | Lair:5   | Found a viscous altar of Jiyva.
 19150 | Lair:5   | Found a staircase to the Slime Pits.
 19436 | Lair:5   | Identified the +9 morningstar "Luniphax" {flame, rPois rN++
                  | Will- SInv}
 20408 | Lair:4   | Reached XP level 14. HP: 75/84 MP: 30/36
 20415 | Lair:4   | Killed particleface's ghost
 20800 | D:11     | Identified the +0 ring mail of Rouv {*Corrode MP+9 Int+4
                  | SInv}
 20864 | D:11     | Learned a level 7 spell: Summon Hydra
 21049 | D:11     | Noticed a fire giant
 21050 | D:11     | Found a runed translucent door.
 21052 | D:11     | Noticed a frost giant
 21052 | D:11     | Noticed a sphinx
 21838 | D:12     | Found a staircase to the Orcish Mines.
 22162 | D:12     | Noticed Sonja
 22178 | D:12     | Killed Sonja
 22275 | D:12     | Found Xofohoam's Assorted Antiques.
 22280 | D:12     | Bought a fuming orange potion for 23 gold pieces
 22280 | D:12     | Bought a scroll of fog for 104 gold pieces
 22544 | D:12     | Noticed Jorgrun
 22552 | D:12     | Killed Jorgrun
 22682 | D:12     | Identified the ring "Lotreon" {Fire Int+2 Dex+3 SInv}
 22815 | D:12     | Learned a level 5 spell: Freezing Cloud
 23028 | Snake:1  | Entered Level 1 of the Snake Pit
 23204 | Orc:1    | Entered Level 1 of the Orcish Mines
 23454 | Orc:1    | Offered knowledge of Fulminant Prism by Vehumet.
 23894 | Orc:2    | Entered Level 2 of the Orcish Mines
 24148 | Orc:2    | Found a staircase to the Elven Halls.
 24735 | Orc:2    | Reached skill level 10 in Dodging
 25279 | Orc:2    | Found Akoelikk's Antique Armour Emporium.
 25279 | Orc:2    | Found Keqe's Book Emporium.
 25280 | Orc:2    | Found Mupeziwo's Weapon Emporium.
 25280 | Orc:2    | Found Keziuwue's Antique Armour Shoppe.
 25292 | Orc:2    | Bought the Parchment of Invitation for 540 gold pieces
 25292 | Orc:2    | Bought a book of Scorching for 450 gold pieces
 25301 | Orc:2    | Learned a level 8 spell: Summon Horrible Things
 25308 | Orc:2    | Learned a level 6 spell: Summon Cactus Giant
 25373 | Orc:2    | Found a runed translucent door.
 25373 | Orc:2    | Found a shimmering altar of Xom.
 25373 | Orc:2    | Noticed croobank's ghost (novice DrMo)
 25374 | Orc:2    | Identified the +8 war axe of Wicked Valour {chaos, Contam
                  | *Noise rF+++ Str+3}
 25493 | Orc:2    | Killed croobank's ghost
 25497 | Orc:2    | Identified the staff of Qebraps {rElec rN+ rCorr Int+3 Air}
 25502 | Orc:2    | Identified the +0 plate armour "Maeparr" {rF++ Will+ rCorr
                  | Dex-4}
 25769 | D:13     | Found Zeninwoi's Armour Shoppe.
 26306 | D:13     | Noticed Maurice
 26320 | D:13     | Killed Maurice
 26368 | D:13     | Reached XP level 15. HP: 92/92 MP: 37/37
 26944 | D:14     | Reached ****** piety under Vehumet
 26947 | D:14     | Reached skill level 10 in Fighting
 26947 | D:14     | Offered knowledge of Plasma Beam by Vehumet.
 26948 | D:14     | Reached XP level 16. HP: 64/97 MP: 33/38
 27086 | D:14     | Reached skill level 10 in Conjurations
 27633 | D:14     | Found a gate to the Vaults.
 27711 | D:14     | Upgraded the game from 0.31-a0-981-geadf994542 to
                  | 0.31-a0-986-g5e6e4ef867
 27726 | D:15     | Entered Level 15 of the Dungeon
 27851 | D:15     | Found a snail-covered altar of Cheibriados.
 27990 | D:15     | Found a staircase to the Depths.
 28059 | D:15     | Reached skill level 17 in Spellcasting
 28413 | D:15     | Reached skill level 15 in Summonings
 28610 | D:15     | Found a runed translucent gate.
 28611 | D:15     | Found a runed translucent gate.
 28611 | D:15     | Found a runed translucent gate.
 29253 | D:15     | Found a runed translucent gate.
 29253 | D:15     | Found a runed translucent gate.
 29256 | D:15     | Found a runed translucent gate.
 29263 | D:15     | Noticed Jivasuuf's ghost (journeyman GrFi)
 29263 | D:15     | Noticed a tentacled monstrosity
 29480 | Swamp:1  | Entered Level 1 of the Swamp
 30395 | Swamp:2  | Offered knowledge of Arcjolt by Vehumet.
 30711 | Swamp:2  | HP: 2/98 [spriggan rider/+0 spear (10)]
 30712 | Swamp:2  | Mangled by a spriggan rider

Illustrated notes

Levels and vault maps discovered:
D:1:      dpeg_arrival_rooms_c, layout_rooms
D:2:      layout_basic, hellmonk_ecumenical_altar_heavens_door, basic_altar,
          minmay_misc_feat_more_columns, kennysheep_cross_room, uniq_natasha,
          uniq_robin
D:3:      layout_basic, nicolae_goblin_pals
D:4:      layout_gridville
D:5:      layout_loops_cross, temple_hall, serial_shops,
          nicolae_shop_statue_plus, uniq_grinder, uniq_blork_the_orc,
          uniq_sigmund, uniq_menkaure
D:6:      layout_rooms
D:7:      layout_loops_ring, fedhas_altar_2, fountainhead,
          chequers_serial_rivers_room_b
D:8:      layout_gridville, dk_rats_in_the_wall
D:9:      layout_roguey [special_room_orc]
D:10:     layout_stronghold, minitemple
D:11:     minmay_gate_of_8, layout_loops_ring, erik_lair_orcish_takeover,
          nicolae_eternal_life
D:12:     layout_gridville, david_orc_3, serial_shops,
          nicolae_shop_rolling_square, uniq_sonja, uniq_jorgrun
D:13:     layout_cave_pods, serial_shops, shop, bh_hangedman_babel_library,
          uniq_maurice
D:14:     layout_basic, skrybe_vaults_entry_preservation,
          chequers_serial_rivers_micro_e, nicolae_twisty_statue_hallways
D:15:     hangedman_depths_entry_try_elsewhere_first, layout_irregular_city,
          ploomutoo_gammafunk_ghost_potion_laboratory, cheibriados_altar_1
Temple:   hellmonk_temple_divided_pantheon
Lair:1:   layout_gridlike
Lair:2:   layout_misc_corridors, infiniplex_staircase_pool, uniq_gastronok,
          uniq_erica, uniq_harold
Lair:3:   layout_roguey, mainiacjoe_swamp_entry_lozenge_pond,
          nicolae_snake_entry_warm_welcome, serial_bayou, serial_bayou_pond_b,
          serial_bayou_lake_a, serial_bayou_crossing, serial_bayou_pond_c
Lair:4:   layout_cave_pods, nzn_ghost_randoct, serial_bayou_shore_b,
          lemuel_fruit_fields
Lair:5:   minmay_lair_end_frog_pond, layout_misc_corridors, slime_entry_2,
          chequers_serial_rivers_marsh
Swamp:1:  layout_basic_swamp, nicolae_swamp_ascending_descending, swamp_pool_3,
          hangedman_swamp_phenomena
Swamp:2:  layout_basic_swamp, nicolae_swamp_well_well_well, swamp_pool_1_2
Snake:1:  layout_basic, nicolae_snake_slithery_corners, uniq_rupert
Orc:1:    layout_diamond_mine
Orc:2:    st_orc_pillars, layout_caves, ebering_ghost_xom

Skill      XL: |  1  2  3  4  5  6  7  8  9 10 11 12 13 14 15 16 |
---------------+-------------------------------------------------+-----
Ice Magic      | 5 6 7 8 10 11 | 11.0
Fighting       | 1 2 3 4 5 6 8 9 10 | 10.4
Spellcasting   | 4 5 6 8 10 11 12 14 16 17 | 17.9
Summonings     | 2 7 11 14 16 | 16.3
Evocations     | 5 7 |  7.2
Dodging        | 5 6 8 10 | 10.5
Poison Magic   | 6 |  6.0
Conjurations   | 1 6 7 9 10 | 10.4
Stealth        | |  2.4

Action                     |  1- 3 |  4- 6 |  7- 9 | 10-12 | 13-15 | 16-18 || total
---------------------------+-------+-------+-------+-------+-------+-------++-------
  Melee: Unarmed           |    22 |       |       |       |       |       ||    22
         Dagger            |     3 |     3 |       |       |       |       ||     6
         Staff             |       |     9 |     2 |    15 |     8 |     1 ||    35
   Cast: Freeze            |    40 |    71 |    70 |   179 |   213 |     9 ||   582
         Frozen Ramparts   |     4 |    15 |    28 |    77 |    64 |     1 ||   189
         Ozocubu's Armour  |     1 |     4 |    17 |    48 |    47 |     6 ||   123
         Summon Ice Beast  |       |       |     6 |    62 |    72 |     5 ||   145
         Summon Forest     |       |       |       |       |    18 |     9 ||    27
         Summon Hydra      |       |       |       |       |    61 |    45 ||   106
         Freezing Cloud    |       |       |       |       |    15 |     7 ||    22
         Summon Cactus Gia |       |       |       |       |       |    24 ||    24
         Summon Horrible T |       |       |       |       |       |     1 ||     1
  Evoke: Wand              |       |     3 |    31 |     3 |       |       ||    37
    Use: Scroll            |       |     1 |    12 |    10 |    13 |     2 ||    38
         Potion            |       |       |       |     1 |     2 |       ||     3
   Stab: Sleeping          |     1 |     2 |       |       |       |       ||     3
 Armour: Robe              |    32 |    45 |    51 |   254 |   261 |    61 ||   704
  Dodge: Dodged            |    29 |    48 |    61 |   280 |   320 |    65 ||   803

Table legend: (Time is in decaauts)
 A = Elapsed time spent in this place.
 B = Non-inter-level travel time spent in this place.
 C = Inter-level travel time spent in this place.
 D = Time resting spent in this place.
 E = Time spent auto-exploring this place.
 F = Levels seen in this place.
 G = Mean time per level.
                   A        B        C        D        E       F      G
               +--------+--------+--------+--------+--------+-----+--------+
         Total |  30893 |  29024 |   1869 |  10307 |  12979 |  26 | 1188.2 |
       Dungeon |  16226 |  15500 |    726 |   4331 |   8336 |  15 | 1081.7 |
        Temple |     60 |     51 |      9 |      0 |     23 |   1 |   60.0 |
          Lair |  10863 |   9954 |    909 |   4682 |   3491 |   5 | 2172.6 |
         Swamp |   1289 |   1243 |     46 |    551 |    371 |   2 |  644.5 |
     Snake Pit |      1 |      0 |      1 |      0 |      0 |   1 |    1.0 |
  Orcish Mines |   2451 |   2275 |    176 |    743 |    757 |   2 | 1225.5 |
               +--------+--------+--------+--------+--------+-----+--------+

Top non-repeatable levels by time:
  Lair:4: 3093 daAuts
  Lair:5: 2342 daAuts
  Lair:3: 2197 daAuts
  Lair:2: 1759 daAuts
    D:15: 1595 daAuts
   Orc:2: 1552 daAuts
  Lair:1: 1470 daAuts
     D:5: 1399 daAuts
     D:2: 1341 daAuts
    D:10: 1338 daAuts
    D:12: 1242 daAuts
    D:13: 1181 daAuts
    D:11: 1164 daAuts
     D:7: 1087 daAuts
     D:4: 1078 daAuts
